 Dungeon Crawl Stone Soup version 0.29.1-1-gd02db6906a (webtiles) character file.

Game seed: 2418055037716023569

97 RogueRain17 the Shooter (level 5, -1/41 HPs)
             Began as a Meteoran Hunter on Sept 21, 2022.
             Engulfed by a steam dragon's steam (6 damage)
             ... on level 3 of the Dungeon.
             The game lasted 00:04:59 (1169 turns).

RogueRain17 the Shooter (Meteoran Hunter)           Turns: 1169, Time: 00:05:00

Health: -1/41      AC:  3    Str: 12    XL:     5   Next: 20%
Magic:  6/6        EV: 13    Int: 10    God:
Gold:   84         SH:  0    Dex: 20    Spells: 4/4 levels left

rFire   . . .      SeeInvis .   a - +0 shortbow
rCold   . . .      Faith    .   (shield currently unavailable)
rNeg    . . .      Spirit   .   c - +0 leather armour
rPois   .          Reflect  .   (no helmet)
rElec   .          Harm     .   (no cloak)
rCorr   .          Rampage  .   (no gloves)
Will    .....                   (no boots)
Stlth   +.........              (no amulet)
HPRegen 0.13/turn               (no ring)
MPRegen 0.10/turn               (no ring)

@: glowing
A: sense surroundings 1, otherworldly, glowing, explore regen
a: no special abilities


You were on level 3 of the Dungeon.
You visited 1 branch of the dungeon, and saw 3 of its levels.

You collected 84 gold pieces.

Inventory:

Hand Weapons
 a - a +0 shortbow (weapon)
Armour
 c - a +0 leather armour (worn)
Jewellery
 j - a ring of willpower
Scrolls
 b - 2 scrolls of immolation
 d - a scroll of noise {unknown}
 k - a scroll of fear {unknown}
 l - a scroll of identify {unknown}
 m - a scroll of teleportation {unknown}
Potions
 e - a potion of resistance {unknown}
 f - 2 potions of heal wounds {unknown}
 g - a potion of haste {unknown}
 h - a potion of magic {unknown}
 i - a potion of brilliance {unknown}


   Skills:
 - Level 2.1 Fighting
 * Level 5.9 Ranged Weapons
 + Level 3.7 Dodging
 - Level 0.6 Stealth


You had 4 spell levels left.
You didn't know any spells.
Your spell library contained the following spells:

 Spells                   Type           Power      Damage    Failure   Level
 Shock                    Conj/Air       0%         1d3       43%         1
 Swiftness                Air            0%         N/A       82%         3
 Airstrike                Air            0%         2d(0-16)  99%         4


Dungeon Overview and Level Annotations

Branches:
Dungeon (3/15) Zot: 595

Altars:

Shops:
D:2 (


Innate Abilities, Weirdness & Mutations

You passively map a small area around you.
You are easily found by Zot.
You glow in the dark.
You regain HP and MP as you explore.


Message History

No target in view!
You shoot an arrow. The arrow hits the steam dragon!
The steam dragon is moderately wounded.
You shoot an arrow.
The arrow completely misses the steam dragon.
Fire: a) +0 shortbow
Press: ? - help, Shift-Dir - straight line, f/p - steam dragon
Aim: a steam dragon (moderately wounded, 65% to hit)
You shoot an arrow. The arrow hits the steam dragon.
The steam dragon is heavily wounded.
The steam dragon bites you. The steam dragon claws you.
Fire: a) +0 shortbow
Press: ? - help, Shift-Dir - straight line, f/p - steam dragon
Aim: a steam dragon (heavily wounded, 65% to hit)
You shoot an arrow. The arrow hits the steam dragon.
The steam dragon is severely wounded.
The steam dragon bites you. The steam dragon misses you.
Fire: a) +0 shortbow
Press: ? - help, Shift-Dir - straight line, f/p - steam dragon
Aim: a steam dragon (severely wounded, 65% to hit)
You shoot an arrow. The arrow hits the steam dragon.
The steam dragon is almost dead.
The steam dragon closely misses you. x2; The steam dragon bites you!
The steam dragon misses you.
Fire: a) +0 shortbow
Press: ? - help, Shift-Dir - straight line, f/p - steam dragon
Aim: a steam dragon (almost dead, 65% to hit)
You shoot an arrow.
The arrow hits the steam dragon but does no damage.
The steam dragon is almost dead.
The steam dragon breathes steam at you. The ball of steam hits you!
* * * LOW HITPOINT WARNING * * *
Fire: a) +0 shortbow
Press: ? - help, Shift-Dir - straight line, f/p - steam dragon
Aim: a steam dragon (almost dead, catching its breath, 65% to hit)
You shoot an arrow. The arrow hits the steam dragon.
The steam dragon is almost dead.
You are engulfed in a cloud of scalding steam.
You die...

, * * , , , > , ,
* , , .##*#######
* * * ...##..§..#
#..#..§§.#* *
#...§...# , ,. ,
*#...@..#,, .. ,
**####..D..#,,,...
,......)..# D... ,
,#.....###.##
..... #.....#
#.##§..... #.....#
#..§§..... #..)..#
##>#§..... *
#.#.....# #.#
..... , *
#.#.....# #.#,
....


You could see a steam dragon (catching breath).

Vanquished Creatures
  Jessica (D:2)
  Robin (D:2)
  A dart slug (D:1)
  An endoplasm (D:2)
  2 giant cockroaches (D:2)
  12 goblins
  7 hobgoblins
  2 quokkas
  8 ball pythons
  4 bats
  2 frilled lizards (D:1)
  4 kobolds
  3 rats
48 creatures vanquished.

Notes
Turn   | Place    | Note
-------+----------+-------------------------------------------
     0 | D:1      | RogueRain17 the Meteoran Hunter began the quest for the
                  | Orb.
     0 | D:1      | Reached XP level 1. HP: 17/17 MP: 2/2
    84 | D:1      | Reached XP level 2. HP: 24/24 MP: 3/3
   319 | D:1      | Reached skill level 5 in Ranged Weapons
   319 | D:1      | Reached XP level 3. HP: 29/29 MP: 4/4
   488 | D:1      | Found a faded altar of an unknown god.
   490 | D:1      | Glimpsed the power of Zot.
   532 | D:2      | Noticed Robin
   711 | D:2      | Reached XP level 4. HP: 19/36 MP: 5/5
   777 | D:2      | Killed Robin
   830 | D:2      | Noticed Jessica
   834 | D:2      | Killed Jessica
   835 | D:2      | Reached XP level 5. HP: 41/41 MP: 6/6
   836 | D:2      | Found Siwineep's Antique Weapon Boutique.
  1069 | D:2      | Glimpsed the power of Zot.
  1157 | D:3      | Noticed a steam dragon
  1169 | D:3      | Engulfed by a steam dragon's steam

Illustrated notes

Levels and vault maps discovered:
D:1:      minmay_arrival_four_circles, layout_basic,
          dreamdust_ecumenical_altar_angels_and_demons
D:2:      layout_rooms, serial_shops,
          nicolae_shop_temple_entry_statues_fountains, uniq_jessica, uniq_robin
D:3:      layout_basic

Skill      XL: |  1  2  3 |
---------------+----------+-----
Ranged Weapons | 5 |  5.9
Dodging        | 3 |  3.7
Fighting       | |  2.1
Stealth        | |  0.6

Action                   |  1- 3 |  4- 6 || total
-------------------------+-------+-------++-------
 Fire: Shortbow          |    78 |    51 ||   129
Armor: Leather armour    |     7 |     4 ||    11
Dodge: Dodged            |    42 |    14 ||    56
